 Dungeon Crawl Stone Soup version 0.21-a0-110-g8e1637b (webtiles) character file.

1808526 Gorglomux the Hawkeye (level 27, 148/251 HPs)
             Began as a Hill Orc Hunter on July 6, 2017.
             Was a High Priest of Okawaru.
             Escaped with the Orb
             ... and 3 runes on July 7, 2017!
             The game lasted 03:40:27 (60560 turns).

Gorglomux the Hawkeye (Hill Orc Hunter)            Turns: 60560, Time: 03:40:28

Health: 148/251    AC: 33    Str: 25    XL:     27
Magic:  30/30      EV: 19    Int: 16    God:    Okawaru [*****.]
Gold:   3665       SH:  7    Dex: 14    Spells: 26/26 levels left

rFire    + + .     SeeInvis .   t - +7 battleaxe of Slime {god gift, vamp, rPois rC+ Str-5}
rCold    + . .     Gourm    .   (shield currently unavailable)
rNeg     + + .     Faith    .   z - +4 plate armour "Jielisukh" {god gift, rElec MR++ Slay-3}
rPois    +         Spirit   .   l - +2 helmet of Reumudgha {god gift, rElec rF++}
rElec    +         Reflect  +   r - scarf {repulsion}
rCorr    +         Harm     .   x - +0 pair of fencer's gloves {god gift, +Riposte Dex+3}
MR       +++++     Clarity  +   n - +2 pair of boots {run} {god gift}
Stlth    ..........             y - +3 amulet of reflection
HPRegen  0.51/turn              k - ring of the Mage {Wiz MR++ Int+3}
MPRegen  0.22/turn              P - ring of Temptation {rCorr rN++ Str+2 Int+2 Stlth+}

@: repel missiles, quick
A: large bone plates 1, clarity, wild magic 1
0: Orb of Zot
}: 3/15 runes: serpentine, barnacled, slimy
a: Heroism, Finesse, Renounce Religion


You escaped.
You worshipped Okawaru.
Okawaru was extremely pleased with you.
You were not hungry.

You visited 11 branches of the dungeon, and saw 54 of its levels.
You also visited: Ice Cave, Volcano and Wizlab.

You collected 6468 gold pieces.
You spent 2803 gold pieces at shops.

Inventory:

Hand Weapons
 t - the +7 battleaxe of Slime (weapon) {god gift, vamp, rPois rC+ Str-5}
   (Okawaru gifted it to you on level 6 of the Lair of Beasts)

   It inflicts no extra harm, but heals its wielder when it wounds a living foe.
   It affects your strength (-5).
   It protects you from cold.
   It protects you from poison.
Missiles
 i - 4 javelins of penetration (quivered)
 m - 11 silver javelins {god gift}
 A - 15 steel javelins
 Z - 14 throwing nets
Armour
 l - the +2 helmet of Reumudgha (worn) {god gift, rElec rF++}
   (Okawaru gifted it to you on level 3 of the Vaults)

   It greatly protects you from fire.
   It insulates you from electricity.
 n - a +2 pair of boots of running (worn) {god gift}
 r - a scarf of repulsion (worn)
 x - the +0 pair of fencer's gloves (worn) {god gift, +Riposte Dex+3}
   (Okawaru gifted it to you on level 2 of the Elven Halls)

   It affects your dexterity (+3).
 z - the +4 plate armour "Jielisukh" (worn) {god gift, rElec MR++ Slay-3}
   (Okawaru gifted it to you on level 15 of the Dungeon)

   It affects your accuracy and damage with ranged weapons and melee attacks
   (-3).
   It insulates you from electricity.
   It affects your resistance to hostile enchantments.
Jewellery
 c - an uncursed ring of protection from cold
 f - an uncursed ring of protection from fire
 k - the ring of the Mage (left hand) {Wiz MR++ Int+3}
   (You found it in an ice cave)

   [ring of wizardry]

   It improves your spell success rate.
   It affects your intelligence (+3).
   It affects your resistance to hostile enchantments.
 s - an uncursed ring of see invisible
 y - a +3 amulet of reflection (around neck)
 P - the ring of Temptation (right hand) {rCorr rN++ Str+2 Int+2 Stlth+}
   (You found it in a wizard's laboratory)

   [ring of resist corrosion]

   It affects your strength (+2).
   It affects your intelligence (+2).
   It greatly protects you from negative energy.
   It makes you more stealthy.
Wands
 o - a wand of acid (8/15)
 D - a wand of digging (7/24)
 E - a wand of enslavement (6/24)
 O - a wand of clouds (2/9)
Scrolls
 b - 8 scrolls of fear
 e - 3 scrolls of silence
 g - a scroll of enchant weapon
 q - 6 scrolls of enchant armour
 w - 15 scrolls of remove curse
 B - 6 scrolls of blinking
 F - 6 scrolls of summoning
 J - 6 scrolls of immolation
 L - 2 scrolls of holy word
 M - 8 scrolls of magic mapping
 N - 7 scrolls of recharging
 R - 8 scrolls of identify
 S - 4 scrolls of fog
 T - 12 scrolls of teleportation
Potions
 a - a potion of flight
 d - 5 potions of might
 h - 6 potions of invisibility
 p - 5 potions of heal wounds
 u - a potion of resistance
 G - 20 potions of mutation {!q}
 H - 2 potions of agility
 I - 2 potions of haste
 K - 4 potions of cancellation
 Q - 19 potions of curing
Miscellaneous
 C - a lightning rod (4/4)
 U - a box of beasts
 V - 4 phantom mirrors
 W - 3 sacks of spiders
 X - a phial of floods
 Y - a lamp of fire
Comestibles
 j - 16 bread rations


   Skills:
 + Level 21.4 Fighting
   Level 3.0 Short Blades
 - Level 20.0 Axes
 - Level 22.9 Throwing
 + Level 21.3 Armour
 + Level 21.3 Dodging
 - Level 0.7 Stealth
 - Level 9.9 Invocations
 - Level 10.0 Evocations


You had 26 spell levels left.
You didn't know any spells.

Dungeon Overview and Level Annotations

Branches:
Dungeon (15/15)            Temple (1/1) D:4            Lair (6/6) D:10
 Shoals (4/4) Lair:3        Snake (4/4) Lair:4        Slime (5/5) Lair:5
    Orc (2/2) D:10            Elf (3/3) Orc:2        Vaults (4/5) D:14
  Crypt (0/3) Vaults:2     Depths (5/5) D:15            Zot (5/5) Depths:5

Altars:
Cheibriados
Dithmenos
Elyvilon
Fedhas
Hepliaklqana
Kikubaaqudgha
Makhleb
Nemelex Xobeh
Okawaru
Qazlal
Ru
Sif Muna
Trog
Uskayaw
Vehumet
Wu Jian
Xom
Yredelemnul
Zin
Beogh
Jiyva

Shops:
D:7 (!(   D:10 (   Orc:2 :([*   Elf:1 (   Elf:2 %   Shoals:3 [   Depths:4 [
Depths:5 =}=

Portals:
Hell: Depths:1 Depths:2 Depths:3 Depths:4 Depths:5
Abyss: Depths:1 Depths:2 Depths:4 Depths:5
Pandemonium: Depths:3 Depths:4
Ziggurat: Depths:1
Trove: D:13 (give +4 ice dragon scales)

Annotations:
Elf:2 5 runed doors


Innate Abilities, Weirdness & Mutations

You are partially covered in large bone plates. (SH +4)
You possess an exceptional clarity of mind.
Your spells are a little harder to cast, but a little more powerful.


Message History

You feel like a meek peon again.
Unknown command.
(D) Dungeon (T) Temple (L) Lair (A) Shoals (P) Snake Pit (M) Slime Pits (O) Orcish Mines (E) Elven Halls (V) Vaults (C) Crypt (U) Depths (H) Hell (Z) Zot
Where to? (Enter - D:1 @ (x,y), ? - help) Magic restored.
There is an open door here.
Your hands slow down.
An Orb Guardian comes into view.
You enter the shallow water.
Moving in this stuff is going to be slow.
The Orb Guardian hits you. x2
A chaos spawn comes into view.
The Orb Guardian barely misses you.
You riposte.
You closely miss the Orb Guardian.
There is a staircase leading out of the dungeon here.
You block the Orb Guardian's attack. The Orb Guardian hits you!!
You have escaped!

# #### #....# ###.# #######..###
##.### ###...#
..)...#....####...####.....######
#####.##.....#..≈..#.....#.......
#.##8..≈....≈....≈..8#######.
#.###...≈..≈≈≈..≈...##.....#.
###.##.....≈≈≈≈≈≈≈.....#.#.#.#.
###...#....≈≈≈≈.X.≈≈≈≈.......#.#.
.##.###..≈≈≈≈≈..@4.≈≈≈≈≈.......#.
.##.# #....≈≈≈≈...≈≈≈≈.......#.#.
.##.# ##.....≈≈≈≈≈≈≈.....#...###.
.##.# ##...≈..≈≈≈..≈...##...#...
..#.# #8..≈....≈....≈..8#...#.##
###.# ##.....#..≈..#.....##.##.#
....# #....####...####.........#
##### #..### ##.#######...#####
#### #...........#


You could see an Orb Guardian and a chaos spawn.

Vanquished Creatures
  the Royal Jelly (Slime:5)
  2 seraphim
  3 orbs of fire
  3 ancient liches (Zot:5)
  A juggernaut (Depths:4)
  2 pandemonium lords
  Saint Roka (Depths:2)
  7 Killer Klowns
  5 caustic shrikes (Depths:4)
  A golden dragon (Zot:3)
  Jory (Depths:3)
  A bone dragon (Vaults:2)
  A mutant beast (WizLab)
  2 electric golems (Zot:5)
  6 liches
  23 Orb Guardians
  Rupert (Depths:4)
  6 tentacled monstrosities
  2 deep elf blademasters (Elf:3)
  2 titans (Depths:3)
  4 quicksilver dragons
  2 deep elf master archers (Elf:3)
  Gastronok (D:10)
  Agnes (D:15)
  14 acid blobs
  3 death cobs
  2 ancient champions (Depths:4)
  Polyphemus (Shoals:3)
  Frances (D:12)
  6 shadow dragons
  13 storm dragons
  2 tengu reavers
  12 azure jellies
  5 nagarajas
  8 draconian monks
  7 fire giants
  Ilsuiw (Shoals:4)
  2 daevas (Zot:5)
  An iron dragon (Depths:4)
  7 frost giants
  5 draconian scorchers
  An orc warlord (Orc:2)
  7 deep elf sorcerers (Elf:3)
  5 deep elf elementalists (Elf:3)
  13 vault wardens
  A ghost moth (Zot:4)
  Aizul (Snake:2)
  5 draconian knights
  5 draconian shifters (Zot:1)
  4 draconian annihilators
  An angel (D:1)
  4 draconian stormcallers
  3 spriggan defenders
  15 ironheart preservers
  5 deep elf demonologists (Elf:3)
  3 vampire knights
  12 black draconians
  19 very ugly things
  22 stone giants
  3 yellow draconians
  12 red draconians
  9 purple draconians
  9 green draconians
  12 white draconians
  8 deep elf annihilators
  9 spark wasps
  Snorg (Lair:5)
  A deep elf death mage (Elf:3)
  4 merfolk javelineers
  11 ettins
  6 death oozes
  6 deep elf high priests
  9 great orbs of eyes
  12 fire dragons
  10 yaktaur captains
  7 merfolk impalers (Shoals:4)
  8 rakshasas
  A hell beast (Zot:5)
  15 naga warriors
  9 vault guards
  2 spriggan air magi
  11 ice dragons
  An alligator snapping turtle (Shoals:4)
  12 hydras
  3 satyrs
  10 centaur warriors
  2 merfolk avatars (Shoals:4)
  3 catoblepae
  55 two-headed ogres
  8 anacondas
  4 merfolk aquamancers
  14 dancing weapons
  A queen ant (shapeshifter) (Depths:5)
  4 death knights
  23 ogre magi
  14 deep troll shamans
  Urug (Lair:4)
  11 death yaks
  11 deep troll earth magi
  7 tengu warriors
  An orc high priest (Orc:2)
  3 vampire magi
  3 shock serpents
  3 spriggan berserkers
  Sonja (Lair:4)
  An iron golem (WizLab)
  A hell knight (Volcano)
  6 naga sharpshooters
  2 fire crabs (shapeshifter)
  A sixfirhy (D:4)
  2 iron trolls (Depths:4)
  Nergalle (Orc:2)
  8 deep elf knights
  A sun demon (Zot:5)
  3 sea snakes (Shoals:4)
  2 salamander mystics
  A storm dragon skeleton (Depths:1)
  2 shadow wraiths (Vaults:4)
  A skeletal warrior (D:14)
  3 unseen horrors (D:14)
  3 flayed ghosts
  18 deep elf archers
  4 wizards
  10 glowing orange brains
  A cherub (D:1)
  A death drake (shapeshifter) (Depths:2)
  4 phantasmal warriors
  A gelid demonspawn (Zot:4)
  An unseen horror (shapeshifter) (Depths:3)
  36 deep trolls
  Pikel (D:7)
  16 harpies
  16 ironbrand convokers
  A lindwurm (Lair:5)
  A harpy (shapeshifter) (WizLab)
  8 naga ritualists
  3 orc sorcerers
  9 mana vipers
  10 orc knights
  3 shining eyes
  4 wolf spiders
  A tengu zombie (Depths:3)
  3 necromancers
  10 cyclopes
  76 ugly things
  10 salamanders
  2 salamanders (shapeshifter) (WizLab)
  An oklob plant (Lair:2)
  54 deep elf magi
  A tengu skeleton (Depths:3)
  20 moths of wrath
  12 manticores
  A guardian serpent (shapeshifter) (WizLab)
  A sphinx skeleton (Depths:3)
  3 eyes of devastation
  35 black mambas
  11 elephants
  2 ice statues (IceCv)
  2 guardian serpents
  3 rust devils
  3 black mambas (shapeshifter) (WizLab)
  14 vault sentinels
  16 spiny frogs
  Joseph (D:8)
  An elephant (shapeshifter) (WizLab)
  4 smoke demons
  9 merfolk sirens
  29 naga magi
  An orange demon (Depths:1)
  4 water nymphs
  9 centaur skeletons
  A torpor snail (Lair:6)
  2 gargoyles
  A spiny frog (shapeshifter) (WizLab)
  A komodo dragon (shapeshifter) (Vaults:4)
  A yaktaur (shapeshifter) (Vaults:3)
  6 komodo dragons
  An efreet (D:13)
  8 tengu conjurers
  7 small abominations
  4 rime drakes
  8 freezing wraiths
  49 yaktaurs
  A harpy zombie (Zot:1)
  A yaktaur skeleton (Depths:1)
  A hellwing (Zot:5)
  7 trolls
  A meliai (D:14)
  4 wind drakes
  12 blink frogs
  9 polar bears
  3 polar bears (shapeshifter)
  14 hornets
  2 wind drakes (shapeshifter) (WizLab)
  3 jumping spiders (shapeshifter)
  63 slime creatures
  A meliai (shapeshifter) (WizLab)
  19 merfolk
  2 hornets (shapeshifter)
  5 hippogriffs
  A blink frog (shapeshifter) (WizLab)
  8 snapping turtles
  4 dream sheep
  A fire giant simulacrum (Depths:1)
  Sigmund (D:6)
  A centaur simulacrum (D:11)
  A spriggan (shapeshifter) (Vaults:4)
  3 wraiths
  A tarantella (shapeshifter) (Vaults:3)
  A vampire (D:14)
  13 water elementals
  6 air elementals
  2 shadows
  A yak (shapeshifter) (WizLab)
  A ynoxinul (Depths:1)
  39 yaks
  4 wyverns
  7 fire bats (Volcano)
  A fire elemental (Elf:2)
  6 golden eyes (Slime:1)
  19 spriggans
  A human (shapeshifter) (D:13)
  A basilisk (shapeshifter) (WizLab)
  A basilisk (Lair:1)
  11 vampire mosquitoes
  A neqoxec (Zot:4)
  4 hungry ghosts
  3 chaos spawn
  Menkaure (D:5)
  35 nagas
  5 wargs
  2 soldier ants
  2 acid dragons
  26 water moccasins
  A soldier ant (shapeshifter) (WizLab)
  6 porcupines
  20 ice beasts
  5 floating eyes
  37 orc warriors
  A sky beast (D:14)
  3 phantoms
  6 eyes of draining
  A hornet zombie (D:15)
  9 large abominations
  8 black bears
  14 boggarts
  3 eyes of draining (shapeshifter)
  A necrophage (D:8)
  21 wolves
  73 ogres
  13 crocodiles
  27 centaurs
  A big kobold (shapeshifter) (WizLab)
  A big kobold (D:12)
  2 wyvern zombies
  19 bullfrogs
  A water moccasin zombie (D:5)
  An earth elemental (Elf:2)
  A gnoll sergeant (D:9)
  3 wyvern skeletons
  5 scorpions
  34 killer bees
  2 elf simulacra
  8 electric eels
  16 wights
  7 crimson imps
  3 howler monkeys
  6 lava snakes (Volcano)
  A bullfrog zombie (D:13)
  5 centaur zombies
  2 quasits
  32 orc wizards
  Crazy Yiuf (D:3)
  8 jellies
  17 orc priests
  A water moccasin simulacrum (D:11)
  2 bullfrog skeletons (D:5)
  11 hounds
  Terence (D:2)
  5 iguanas
  10 worker ants
  Natasha (thrice) (D:3 D:4)
  A bullfrog simulacrum (D:11)
  A hound zombie (D:6)
  2 hound skeletons
  4 gnolls (D:9)
  A howler monkey skeleton (D:7)
  2 worker ant zombies (D:5)
  20 adders
  5 shadow imps
  20 white imps (D:11)
  2 worker ant simulacra (D:11)
  2 ufetubi
  2 oozes
  An adder zombie (D:5)
  2 adder skeletons
  4 worms
  4 dart slugs
  3 leopard geckos
  115 orcs
  4 bats
  7 giant cockroaches
  4 goblins
  11 hobgoblins
  8 jackals
  5 kobolds
  3 quokkas (D:6)
  5 ball pythons
  A ball python zombie (D:5)
  6 frilled lizards
  A leopard gecko zombie (D:6)
  9 rats
  A crawling corpse (Elf:3)
  7 fungi
  4 plants
2366 creatures vanquished.

Vanquished Creatures (collateral kills)
  An orc sorcerer (Orc:2)
  An orc warrior (Orc:2)
2 creatures vanquished.

Vanquished Creatures (others)
  A draconian knight (Zot:3)
  A red draconian (Zot:5)
  A vault guard (Vaults:3)
  A shadow wraith (Vaults:3)
  An ironbrand convoker (Vaults:1)
  A yaktaur (Depths:4)
  A slime creature (Vaults:3)
  A tarantella (shapeshifter) (Depths:4)
  An orc wizard (D:7)
  A shadow imp (Zot:5)
  A white imp (D:11)
  An orc (D:7)
  A giant cockroach (D:4)
  7 fungi
  A plant (Lair:1)
21 creatures vanquished.

Grand Total: 2389 creatures vanquished

Notes
Turn   | Place    | Note
-------+----------+-------------------------------------------
     0 | D:1      | Gorglomux the Hill Orc Hunter began the quest for the Orb.
     0 | D:1      | Reached XP level 1. HP: 18/18 MP: 1/1
   479 | D:1      | Reached skill level 1 in Armour
   515 | D:1      | Reached XP level 2. HP: 15/25 MP: 2/2
   875 | D:1      | Reached skill level 3 in Fighting
  1243 | D:1      | Reached XP level 3. HP: 23/31 MP: 3/3
  1474 | D:2      | Found a faded altar of an unknown god.
  1488 | D:2      | Noticed Terence
  1498 | D:2      | Killed Terence
  1752 | D:2      | Found a shadowy altar of Dithmenos.
  1760 | D:2      | Reached XP level 4. HP: 40/40 MP: 4/4
  2314 | D:3      | Noticed Natasha
  2322 | D:3      | Killed Natasha
  2322 | D:3      | Reached skill level 3 in Armour
  2438 | D:3      | Reached XP level 5. HP: 47/47 MP: 5/5
  2868 | D:3      | HP: 1/47 [orc/trident of piercing (2)]
  3479 | D:3      | Reached XP level 6. HP: 55/56 MP: 6/6
  3910 | D:3      | Found a runed door.
  3914 | D:3      | Noticed Crazy Yiuf
  3933 | D:3      | Killed Crazy Yiuf
  4413 | D:4      | Noticed Natasha
  4418 | D:4      | Killed Natasha
  4422 | D:4      | Found a blossoming altar of Fedhas.
  4445 | D:4      | Found a sacrificial altar of Ru.
  4454 | D:4      | Noticed Natasha
  4460 | D:4      | Killed Natasha
  4660 | D:4      | Reached skill level 6 in Fighting
  4861 | D:4      | Reached XP level 7. HP: 63/63 MP: 7/7
  4978 | D:4      | Reached skill level 1 in Short Blades
  5063 | D:4      | Found a staircase to the Ecumenical Temple.
  5114 | Temple   | Entered the Ecumenical Temple
  5221 | Temple   | Became a worshipper of Warmaster Okawaru
  5647 | D:5      | Entered Level 5 of the Dungeon
  5776 | D:5      | Reached skill level 3 in Short Blades
  5947 | D:5      | Reached skill level 1 in Axes
  6139 | D:5      | Reached skill level 3 in Axes
  6153 | D:5      | Noticed Menkaure
  6160 | D:5      | Killed Menkaure
  6160 | D:5      | Reached * piety under Okawaru
  6160 | D:5      | Reached XP level 8. HP: 38/70 MP: 8/8
  6572 | D:5      | Reached skill level 6 in Axes
  7361 | D:6      | HP: 3/70 [poisoned by a water moccasin]
  7369 | D:6      | HP: 3/70 [poisoned by a water moccasin]
  7823 | D:6      | Reached ** piety under Okawaru
  7823 | D:6      | Reached skill level 9 in Axes
  7951 | D:6      | Got a pair of bloodstained boots
  7957 | D:6      | Identified the +2 pair of boots "Paqumiuts" {rPois} (You found it on level 6 of the Dungeon)
  8236 | D:6      | Noticed Sigmund
  8247 | D:6      | Killed Sigmund
  8247 | D:6      | Reached XP level 9. HP: 75/75 MP: 6/9
  8533 | D:7      | Found Yzablix's Antique Weapon Boutique.
  8555 | D:7      | Found Ysoe's Distillery.
  8767 | D:7      | Reached skill level 12 in Axes
  8806 | D:7      | HP: 3/75 [poisoned by a killer bee]
  8814 | D:7      | HP: 3/75 [poisoned by a killer bee]
  9154 | D:7      | Bought a potion of heal wounds for 75 gold pieces
  9154 | D:7      | Bought a potion of resistance for 150 gold pieces
  9173 | D:7      | Reached *** piety under Okawaru
  9315 | D:7      | Found Zutain's Weapon Boutique.
  9435 | D:7      | Reached skill level 1 in Invocations
  9482 | D:7      | Noticed Pikel
  9489 | D:7      | Killed Pikel
  9489 | D:7      | Reached skill level 3 in Invocations
  9489 | D:7      | Reached XP level 10. HP: 70/84 MP: 8/12
  9659 | D:8      | Noticed Joseph
  9677 | D:8      | Killed Joseph
  9677 | D:8      | Reached **** piety under Okawaru
  9677 | D:8      | Reached skill level 6 in Armour
  9903 | D:8      | Found a shadowy altar of Dithmenos.
 10106 | D:8      | Noticed a two-headed ogre
 10118 | D:8      | Killed a two-headed ogre
 10723 | D:9      | Found a sacrificial altar of Ru.
 10793 | D:9      | Reached ***** piety under Okawaru
 11019 | D:9      | Received a gift from Okawaru
 11022 | D:9      | Got a faintly glowing great sword {god gift}
 11023 | D:9      | Identified the +2 great sword of Resourcefulness {god gift, chaos, rF+ Str+4 Int+3} (Okawaru gifted it to you on level 9 of the Dungeon)
 11186 | D:9      | Reached skill level 6 in Invocations
 11369 | D:9      | Found a roughly hewn altar of Beogh.
 11377 | D:9      | Reached XP level 11. HP: 93/93 MP: 12/15
 11723 | D:10     | Entered Level 10 of the Dungeon
 11864 | D:10     | Noticed Gastronok
 11881 | D:10     | Killed Gastronok
 11881 | D:10     | Reached skill level 9 in Fighting
 12104 | D:10     | Reached skill level 15 in Axes
 12413 | D:10     | Found a staircase to the Orcish Mines.
 12453 | D:10     | Found Uryqusib's Weapon Shoppe.
 12463 | D:10     | Found a staircase to the Lair.
 12845 | D:11     | Found a frozen archway.
 12849 | D:11     | Noticed a manticore
 12862 | D:11     | Killed a manticore
 13035 | IceCv    | Entered an ice cave
 13076 | IceCv    | Reached skill level 9 in Armour
 13117 | IceCv    | Received a gift from Okawaru
 13117 | IceCv    | Reached XP level 12. HP: 103/105 MP: 18/18
 13239 | IceCv    | Reached skill level 9 in Invocations
 13268 | IceCv    | Noticed an ice dragon
 13269 | IceCv    | Noticed an ice dragon
 13288 | IceCv    | Killed an ice dragon
 13310 | IceCv    | Killed an ice dragon
 14241 | D:11     | Received a gift from Okawaru
 14377 | D:11     | Noticed a death yak
 14390 | D:11     | Killed a death yak
 14855 | Lair:1   | Entered Level 1 of the Lair of Beasts
 15310 | Lair:1   | Noticed a seven-headed hydra
 15318 | Lair:1   | Killed a three-headed hydra
 15393 | Lair:1   | Received a gift from Okawaru
 15393 | Lair:1   | Reached XP level 13. HP: 82/117 MP: 20/20
 15395 | Lair:1   | Reached skill level 12 in Fighting
 15412 | Lair:1   | Got an encrusted executioner's axe {god gift}
 15413 | Lair:1   | Identified the +8 executioner's axe of the Beast {god gift, freeze, rC+ Int+4} (Okawaru gifted it to you on level 1 of the Lair of Beasts)
 17562 | Lair:3   | Received a gift from Okawaru
 17678 | Lair:3   | Found a staircase to the Shoals.
 18248 | Lair:4   | Noticed Sonja
 18268 | Lair:4   | Killed Sonja
 18439 | Lair:4   | Noticed Urug
 18454 | Lair:4   | Killed Urug
 18454 | Lair:4   | Reached skill level 12 in Armour
 18496 | Lair:4   | Found a staircase to the Snake Pit.
 19449 | Lair:5   | Noticed Snorg
 19469 | Lair:5   | Killed Snorg
 19469 | Lair:5   | Reached skill level 18 in Axes
 19754 | Lair:5   | Received a gift from Okawaru
 19782 | Lair:5   | Found a dark tunnel.
 19853 | Volcano  | Entered a volcano
 19912 | Volcano  | Reached XP level 14. HP: 102/130 MP: 21/21
 20185 | Volcano  | Found a burning altar of Makhleb.
 20231 | Volcano  | Found a burning altar of Makhleb.
 20373 | Lair:5   | Found a runed door.
 20406 | Lair:5   | Found a viscous altar of Jiyva.
 20406 | Lair:5   | Found a staircase to the Slime Pits.
 21240 | Lair:6   | Entered Level 6 of the Lair of Beasts
 21260 | Lair:6   | Found a hazy altar of Hepliaklqana.
 21278 | Lair:6   | Received a gift from Okawaru
 21296 | Lair:6   | Received a gift from Okawaru
 22051 | Lair:6   | Reached skill level 15 in Fighting
 22330 | Lair:6   | Reached XP level 15. HP: 128/141 MP: 22/22
 22383 | Lair:6   | Reached ****** piety under Okawaru
 22435 | Lair:6   | Received a gift from Okawaru
 22458 | Lair:6   | Got a bone battleaxe {god gift}
 22461 | Lair:6   | Identified the +7 battleaxe of Slime {god gift, vamp, rPois rC+ Str-5} (Okawaru gifted it to you on level 6 of the Lair of Beasts)
 23541 | D:12     | Noticed Frances
 23552 | D:12     | Killed Frances
 24212 | D:13     | Found a portal to a secret trove of treasure.
 24496 | D:13     | Received a gift from Okawaru
 24703 | D:13     | Reached skill level 4 in Throwing
 24882 | D:14     | Reached skill level 1 in Evocations
 25086 | D:14     | Received a gift from Okawaru
 25301 | D:14     | Reached skill level 15 in Armour
 25305 | D:14     | Reached skill level 3 in Evocations
 25515 | D:14     | Reached skill level 5 in Throwing
 25517 | D:14     | Received a gift from Okawaru
 25667 | D:14     | Reached XP level 16. HP: 64/152 MP: 15/23
 25996 | D:14     | Found a gate to the Vaults.
 26252 | D:15     | Entered Level 15 of the Dungeon
 26734 | D:15     | Reached skill level 6 in Throwing
 27030 | D:15     | Noticed Agnes
 27038 | D:15     | Killed Agnes
 27085 | D:15     | Found a staircase to the Depths.
 27108 | D:15     | Received a gift from Okawaru
 27129 | D:15     | Got a transparent plate armour {god gift}
 27140 | D:15     | Identified the +4 plate armour "Jielisukh" {god gift, rElec MR++ Slay-3} (Okawaru gifted it to you on level 15 of the Dungeon)
 27341 | D:15     | Reached skill level 6 in Evocations
 27826 | Orc:1    | Entered Level 1 of the Orcish Mines
 28253 | Orc:2    | Entered Level 2 of the Orcish Mines
 28281 | Orc:2    | Reached skill level 7 in Throwing
 28359 | Orc:2    | Found a roughly hewn altar of Beogh.
 28467 | Orc:2    | Noticed Nergalle
 28484 | Orc:2    | Killed Nergalle
 28656 | Orc:2    | Found a roughly hewn altar of Beogh.
 28717 | Orc:2    | Found Zuokh's Antique Weapon Boutique.
 28728 | Orc:2    | Found Bagiwam's Book Boutique.
 28782 | Orc:2    | Found Qewne's General Store.
 28788 | Orc:2    | Bought a scroll of enchant armour for 82 gold pieces
 28788 | Orc:2    | Bought a scroll of teleportation for 33 gold pieces
 28788 | Orc:2    | Bought a scroll of teleportation for 33 gold pieces
 28979 | Orc:2    | Found a staircase to the Elven Halls.
 29190 | Orc:2    | Reached XP level 17. HP: 162/162 MP: 24/24
 29256 | Orc:2    | Found Ceagacao's Antique Armour Boutique.
 29263 | Orc:2    | Bought a shiny helmet for 195 gold pieces
 29290 | Orc:2    | Bought a manual of Armour for 1545 gold pieces
 29699 | Snake:1  | Entered Level 1 of the Snake Pit
 30047 | Snake:1  | Received a gift from Okawaru
 30335 | Snake:1  | Reached skill level 8 in Throwing
 30338 | Snake:1  | Received a gift from Okawaru
 31270 | Snake:2  | Noticed Aizul
 31299 | Snake:2  | Killed Aizul
 31299 | Snake:2  | Received a gift from Okawaru
 31299 | Snake:2  | Reached skill level 18 in Fighting
 31938 | Snake:3  | Received a gift from Okawaru
 32492 | Snake:3  | Received a gift from Okawaru
 32816 | Snake:4  | Entered Level 4 of the Snake Pit
 32947 | Snake:4  | Received a gift from Okawaru
 33026 | Snake:4  | Reached skill level 9 in Throwing
 33291 | Snake:4  | Reached skill level 9 in Evocations
 33297 | Snake:4  | Received a gift from Okawaru
 33479 | Snake:4  | Received a gift from Okawaru
 33517 | Snake:4  | Reached XP level 18. HP: 155/173 MP: 22/25
 33650 | Snake:4  | Reached skill level 18 in Armour
 33832 | Snake:4  | Got a serpentine rune of Zot
 33853 | Snake:4  | Got a vibrating emerald amulet
 34294 | Elf:1    | Entered Level 1 of the Elven Halls
 34354 | Elf:1    | Reached skill level 10 in Throwing
 34580 | Elf:1    | Received a gift from Okawaru
 34763 | Elf:1    | Received a gift from Okawaru
 34855 | Elf:1    | Received a gift from Okawaru
 34874 | Elf:1    | Reached skill level 3 in Dodging
 35106 | Elf:1    | Found Mesy's Antique Weapon Shoppe.
 35223 | Elf:1    | Identified the amulet of Bipopnoh {Harm *Drain *Slow rF+ Str+8 Int+2} (You took it off a naga on level 4 of the Snake Pit)
 35402 | Elf:2    | Received a gift from Okawaru
 35698 | Elf:2    | Found a huge runed gate.
 35698 | Elf:2    | Found a huge runed gate.
 35698 | Elf:2    | Found a huge runed gate.
 35699 | Elf:2    | Found a huge runed gate.
 35700 | Elf:2    | Found a huge runed gate.
 35856 | Elf:2    | Found Vaag's Food Emporium.
 35933 | Elf:2    | Found a deep blue altar of Sif Muna.
 36129 | Elf:3    | Entered Level 3 of the Elven Halls
 36813 | Elf:3    | Reached skill level 11 in Throwing
 36813 | Elf:3    | Reached XP level 19. HP: 120/183 MP: 26/26
 37163 | Elf:3    | Noticed a Brimstone Fiend
 37170 | Elf:3    | Reached skill level 6 in Dodging
 37175 | Elf:3    | Noticed an Ice Fiend
 37182 | Elf:3    | Received a gift from Okawaru
 37640 | Elf:3    | Identified a +1 pair of boots of running {god gift} (Okawaru gifted it to you on level 3 of the Elven Halls)
 37693 | Elf:3    | Reached skill level 12 in Throwing
 38136 | Elf:3    | Identified the Disquisition on Earthen Fire
 38977 | Vaults:1 | Entered Level 1 of the Vaults
 39771 | Vaults:1 | Reached skill level 13 in Throwing
 39780 | Vaults:1 | Received a gift from Okawaru
 39800 | Vaults:1 | Got a pair of brightly glowing boots {god gift}
 39811 | Vaults:1 | Identified the -2 pair of boots of the Eight Queens {god gift, +Blink rN+ Stlth-} (Okawaru gifted it to you on level 1 of the Vaults)
 39982 | Vaults:1 | Reached XP level 20. HP: 191/191 MP: 19/27
 40158 | Vaults:1 | Was placed under penance by Okawaru
 40263 | Vaults:1 | Reached skill level 9 in Dodging
 40358 | Vaults:1 | Was forgiven by Okawaru
 41035 | Vaults:2 | Found a staircase to the Crypt.
 41035 | Vaults:2 | Noticed a bone dragon
 41063 | Vaults:2 | Killed a bone dragon
 41356 | Vaults:2 | Reached skill level 14 in Throwing
 41683 | Vaults:2 | Received a gift from Okawaru
 42118 | Vaults:2 | Received a gift from Okawaru
 42506 | Vaults:3 | Reached XP level 21. HP: 183/198 MP: 24/28
 42671 | Vaults:3 | Reached skill level 15 in Throwing
 42685 | Vaults:3 | Received a gift from Okawaru
 42750 | Vaults:3 | Received a gift from Okawaru
 42785 | Vaults:3 | Received a gift from Okawaru
 43106 | Vaults:3 | Reached skill level 12 in Dodging
 43601 | Vaults:3 | Received a gift from Okawaru
 43607 | Vaults:3 | Reached skill level 16 in Throwing
 43616 | Vaults:3 | Got a shimmering helmet {god gift}
 43627 | Vaults:3 | Identified the +2 helmet of Reumudgha {god gift, rElec rF++} (Okawaru gifted it to you on level 3 of the Vaults)
 44142 | Vaults:4 | Reached XP level 22. HP: 196/206 MP: 29/29
 44759 | Vaults:4 | Received a gift from Okawaru
 45460 | Depths:1 | Entered Level 1 of the Depths
 45490 | Depths:1 | Reached skill level 17 in Throwing
 45892 | Depths:1 | Upgraded the game from 0.21-a0-104-g7b58145 to 0.21-a0-110-g8e1637b
 45941 | Depths:1 | Received a gift from Okawaru
 45962 | Depths:1 | Found a one-way gate to the infinite horrors of the Abyss.
 46082 | Depths:1 | Found a gateway to Hell.
 46325 | Depths:1 | Found a gateway to a ziggurat.
 46849 | Depths:2 | Received a gift from Okawaru
 47223 | Depths:2 | Received a gift from Okawaru
 47251 | Depths:2 | Reached XP level 23. HP: 205/213 MP: 30/30
 47263 | Depths:2 | Reached skill level 18 in Throwing
 47670 | Depths:2 | Noticed Saint Roka
 47700 | Depths:2 | Killed Saint Roka
 48106 | Shoals:1 | Entered Level 1 of the Shoals
 48388 | Shoals:3 | Reached skill level 15 in Dodging
 48645 | Shoals:3 | Found Okkage's Antique Armour Shoppe.
 48718 | Shoals:3 | Noticed Polyphemus
 48740 | Shoals:3 | Killed Polyphemus
 48740 | Shoals:3 | Received a gift from Okawaru
 48924 | Shoals:4 | Entered Level 4 of the Shoals
 48924 | Shoals:4 | Noticed Ilsuiw
 48965 | Shoals:4 | Killed Ilsuiw
 49021 | Shoals:4 | Received a gift from Okawaru
 49251 | Shoals:4 | Received a gift from Okawaru
 49560 | Shoals:4 | Received a gift from Okawaru
 49795 | Shoals:4 | Got a barnacled rune of Zot
 50298 | Depths:3 | Received a gift from Okawaru
 50400 | Depths:3 | Reached skill level 19 in Throwing
 50551 | Depths:3 | Found a magical portal.
 50731 | WizLab   | Entered Cigotuvi's Fleshworks
 50911 | WizLab   | Paralysed by a floating eye for 3 turns
 50930 | WizLab   | Reached XP level 24. HP: 213/221 MP: 30/30
 50949 | WizLab   | Paralysed by a floating eye for 3 turns
 50972 | WizLab   | Got a transparent wooden ring
 51382 | WizLab   | Gained mutation: Your mind is acute. (Int +2) [mutagenic meat]
 51383 | WizLab   | Gained mutation: You passively map a small area around you. [mutagenic meat]
 51570 | Depths:3 | Identified the ring of Temptation {rCorr rN++ Str+2 Int+2 Stlth+} (You found it in a wizard's laboratory)
 51804 | Depths:3 | Noticed Jory
 51840 | Depths:3 | Killed Jory
 51840 | Depths:3 | Received a gift from Okawaru
 51977 | Depths:3 | Found a one-way gate leading to the halls of Pandemonium.
 52097 | Depths:4 | Found Anaom's Antique Armour Emporium.
 52517 | Depths:4 | Noticed Rupert
 52541 | Depths:4 | Killed Rupert
 52618 | Depths:4 | Reached skill level 20 in Throwing
 52625 | Depths:4 | Received a gift from Okawaru
 52628 | Depths:4 | Got a dazzling cloak {god gift}
 52639 | Depths:4 | Identified the -6 cloak "Jeuhuon" {god gift, +Fly rF+ Int+2} (Okawaru gifted it to you on level 4 of the Depths)
 52833 | Depths:4 | Paralysed by a floating eye for 4 turns
 52839 | Depths:4 | Paralysed by a floating eye for 2 turns
 52991 | Depths:4 | Noticed a juggernaut
 52991 | Depths:4 | Noticed a caustic shrike
 53007 | Depths:4 | Killed a juggernaut
 53018 | Depths:4 | Killed a caustic shrike
 53361 | Depths:5 | Entered Level 5 of the Depths
 53361 | Depths:5 | Noticed a caustic shrike
 53361 | Depths:5 | Noticed a caustic shrike
 53361 | Depths:5 | Noticed a caustic shrike
 53361 | Depths:5 | Noticed a caustic shrike
 53385 | Depths:4 | Killed a caustic shrike
 53397 | Depths:4 | Killed a caustic shrike
 53398 | Depths:4 | Killed a caustic shrike
 53403 | Depths:4 | Killed a caustic shrike
 53403 | Depths:4 | Reached XP level 25. HP: 42/228 MP: 26/30
 53896 | Depths:5 | Received a gift from Okawaru
 53983 | Depths:5 | Found a gate to the Realm of Zot.
 54022 | Depths:5 | Received a gift from Okawaru
 54052 | Depths:5 | Reached skill level 18 in Dodging
 54307 | Depths:5 | Found Utsok's Jewellery Emporium.
 54307 | Depths:5 | Found Ushaoneth's Gadget Shop.
 54308 | Depths:5 | Found Boloi's Jewellery Emporium.
 54316 | Depths:5 | Bought a phantom mirror for 690 gold pieces
 54921 | Slime:1  | Entered Level 1 of the Pits of Slime
 54938 | Slime:1  | Reached skill level 21 in Throwing
 55124 | Slime:5  | Entered Level 5 of the Pits of Slime
 55156 | Slime:5  | Received a gift from Okawaru
 55169 | Slime:5  | Found a viscous altar of Jiyva.
 55170 | Slime:5  | Noticed the Royal Jelly
 55189 | Slime:5  | Killed the Royal Jelly
 55227 | Slime:5  | Got a crude steel ring
 55229 | Slime:5  | Identified the ring of Atys {Ice rN++ Int+2} (You found it on level 5 of the Pits of Slime)
 55283 | Slime:5  | Got a slimy rune of Zot
 55343 | Slime:5  | Got a crude jade ring
 55345 | Slime:5  | Identified the ring "Ewubb" {Ice rN+ Str+4} (You found it on level 5 of the Pits of Slime)
 55849 | Zot:1    | Entered Level 1 of the Realm of Zot
 55860 | Zot:1    | Reached XP level 26. HP: 208/236 MP: 24/30
 55866 | Zot:1    | Received a gift from Okawaru
 55903 | Zot:1    | Received a gift from Okawaru
 56057 | Zot:1    | Reached skill level 22 in Throwing
 56623 | Zot:3    | Lost mutation: You passively map a small area around you. [the power of Zot]
 56945 | Zot:3    | Received a gift from Okawaru
 57239 | Zot:3    | Noticed an orb of fire
 57267 | Zot:3    | Killed an orb of fire
 57363 | Zot:4    | Received a gift from Okawaru
 57365 | Zot:4    | Reached XP level 27. HP: 173/244 MP: 30/30
 57716 | Zot:5    | Entered Level 5 of the Realm of Zot
 58448 | Zot:5    | Noticed an orb of fire
 58448 | Zot:5    | Gained mutation: You tend to lose your temper in combat. [an orb of fire]
 58456 | Zot:5    | Killed an orb of fire
 58486 | Zot:5    | Noticed an ancient lich
 58507 | Zot:5    | Killed an ancient lich
 58513 | Zot:5    | Noticed an ancient lich
 58522 | Zot:5    | Killed an ancient lich
 58552 | Zot:5    | Received a gift from Okawaru
 58584 | Zot:5    | Identified the +7 battleaxe "Qebozui" {god gift, venom, rC+ Str+4} (Okawaru gifted it to you on level 5 of the Realm of Zot)
 58607 | Zot:5    | Noticed an orb of fire
 58633 | Zot:5    | Killed an orb of fire
 59188 | Zot:5    | Received a gift from Okawaru
 59466 | Zot:5    | Lost mutation: You tend to lose your temper in combat. [potion of mutation]
 59466 | Zot:5    | Lost mutation: Your mind is acute. (Int +2) [potion of mutation]
 59466 | Zot:5    | Gained mutation: You are partially covered in large bone plates. (SH +4) [potion of mutation]
 59466 | Zot:5    | Gained mutation: You possess an exceptional clarity of mind. [potion of mutation]
 59466 | Zot:5    | Gained mutation: Your spells are a little harder to cast, but a little more powerful. [potion of mutation]
 59532 | Zot:5    | Reached skill level 21 in Dodging
 59533 | Zot:5    | Got the Orb of Zot
 59582 | Zot:5    | Noticed a seraph
 59598 | Zot:5    | Noticed Goeba the pandemonium lord
 59601 | Zot:5    | Killed a seraph
 59604 | Zot:5    | Killed Goeba the pandemonium lord
 59604 | Zot:5    | Received a gift from Okawaru
 59604 | Zot:5    | Reached skill level 21 in Fighting
 59631 | Zot:5    | Reached skill level 21 in Armour
 59650 | Zot:5    | Noticed an ancient lich
 59670 | Zot:5    | Killed an ancient lich
 59929 | Depths:1 | Noticed Qiuw the pandemonium lord
 59974 | Depths:1 | Killed Qiuw the pandemonium lord
 60135 | D:10     | Noticed Mifi the pandemonium lord
 60461 | D:1      | Noticed a seraph
 60482 | D:1      | Killed a seraph
 60482 | D:1      | Received a gift from Okawaru
 60560 | D:$      | Escaped with the Orb!

Vault maps used:
D:1:      eino_arrival_water_star, minmay_misc_feat_pillars, serial_park_tiny_2
D:2:      first_bread, chequers_ecumenical_altar_simple_redux,
          minmay_misc_feat_square, nicolae_dithmenos_shadow_blocks, uniq_terence
D:3:      uniq_natasha, uniq_crazy_yiuf_cottage
D:4:      lemuel_round_altar, lemuel_temple_firewalk_b, kennysheep_small_circle
D:5:      serial_undead, serial_undead_c, serial_undead_d, serial_undead_a,
          serial_undead_c, uniq_menkaure
D:6:      uniq_sigmund
D:7:      serial_shops, shop_fountains, nicolae_shop_waterfront, shop,
          uniq_pikel
D:8:      basic_altar, uniq_joseph
D:9:      special_room, nicolae_ru_great_annihilating_truth
D:10:     lair_entry_dummy, orc_0_dummy, serial_shops, shop, uniq_gastronok
D:11:     serial_ice, serial_ice_e, serial_ice_b, serial_ice_c, serial_ice_l,
          serial_ice_h, serial_ice_a, serial_ice_g, serial_ice_n, serial_ice_o,
          serial_ice_f, portal_ice_cave_entry_imps, minmay_misc_feat_cross
D:12:     uniq_frances
D:13:     enter_trove_2, hangedman_pestilent_swarm, kennysheep_diamond
D:14:     david_vaults_5, kennysheep_another_room
D:15:     hangedman_depths_entry_civil_slaughter, minivault_4, uniq_agnes
Temple:   minmay_crystal_snake_temple
Lair:1:   minivault_24, grunt_forest_stairs_basic
Lair:2:   st_stairs_7, gammafunk_lair_bear_cave
Lair:3:   shoals_dummy_entry
Lair:4:   minmay_snake_entry_six_corridors, uniq_sonja, uniq_urug
Lair:5:   slime_altar_2, nicolae_volcano_entry_vermiform, uniq_snorg
Lair:6:   minmay_lair_end_enchanted_forest, basic_altar, serial_bayou_pond_d,
          minivault_11, bh_autumn_forest_stairs, serial_bayou_ford_a
Shoals:1: gammafunk_its_a_trap, uniq_donald, uniq_josephine
Shoals:3: serial_shops, shop_fountains, nicolae_shoals_so_close, uniq_polyphemus
Shoals:4: shoals_end_grunt_ice, shoal_ilsuiw, nicolae_shoals_loop_pool
Snake:1:  special_room, grunt_megastairs_2
Snake:2:  uniq_aizul
Snake:3:  serial_bayou_shore_b
Snake:4:  snake_pit, minmay_snake_pond
Slime:3:  basic_altar
Orc:2:    grunt_orc_cross, basic_altar
Elf:1:    serial_glass, glass_columns_a, glass_columns_c, serial_shops,
          nicolae_shop_behind_doors, minmay_elf_crystal_heptagon,
          elves_outpost_lemuel
Elf:2:    serial_shops, shop, minivault_26, lemuel_blue_sif_altar, uniq_asterion
Elf:3:    grunt_elf_hall_diamonds, patterned_corridor
Vaults:1: hangedman_vaults_locks, nicolae_vaults_network_periphery,
          vaults_standard_mumra_x, v_misc_9, ontoclasm_vaults_shuriken,
          v_misc_12, hangedman_vaults_impose, v_misc_15,
          nicolae_vaults_ring_of_whatevers
Vaults:2: serial_ice_g, v_misc_28, minmay_crypt_entry_nasty_monster,
          ontoclasm_vaults_pinch, nicolae_vaults_sealed_display, v_pattern_4,
          hangedman_vaults_slither, nicolae_vaults_asterisk,
          nicolae_vaults_yaktaur_gun_rack, hangedman_vaults_capsules,
          vaults_room_hallway, hangedman_vaults_impose,
          nicolae_vaults_rhombus_6, nicolae_vaults_little_ls,
          nicolae_vaults_rhombus_6
Vaults:3: nicolae_vaults_windows_and_doors_thing,
          nicolae_vaults_border_crossing, v_misc_9, hangedman_vaults_maws,
          v_misc_9, vaults_mumra_minichess, v_misc_22, st_lines,
          grunt_vaults_hallway_long, ontoclasm_vaults_gateway,
          vaults_room_fancy_cross
Vaults:4: vaults_room_octagon, vaults_standard_mumra_lines,
          vaults_room_stairs_pillars, v_misc_13,
          nicolae_vaults_mini_display_case, grunt_vaults_funnel,
          nicolae_vaults_three_branches, vaults_dpeg_hooks,
          nicolae_vaults_little_squares_2, st_cells, v_misc_13
Depths:1: enter_ziggurat_f, abyss_entry, pf_vacation_house_of_asmodeus,
          serial_sigils, serial_sigils_hangedman_stare,
          serial_sigils_hangedman_quiver, serial_sigils_hangedman_quiver,
          serial_sigils_hangedman_gut, serial_sigils_hangedman_shear,
          serial_sigils_hangedman_writhe, nrook_uturn, kennysheep_generic_room_6
Depths:2: kennysheep_ambush_hall, hell_entry, abyss_entry,
          hangedman_decor_clover_reticule, infiniplex_staircase_zigzag_1,
          uniq_saint_roka
Depths:3: hangedman_arch_fort, hell_entry, mu_enter_wizlab_7,
          hangedman_decor_push, pan_entry, uniq_jory
Depths:4: kennysheep_cluttered_fort, serial_shops, shop,
          pf_hell_entry_tar_spiral, kennysheep_crisscross, abyss_entry,
          pan_entry, sword_in_stone
Depths:5: grunt_zot_entry_tricorne, hell_entry, wad_floor_pattern_untrapped,
          abyss_entry, minmay_shop_grove
Zot:1:    hangedman_orp_of_zott, st_stairs_11, grunt_megastairs_3
Zot:2:    bh_zot_lava_cross, st_stairs_11
Zot:3:    evilmike_ambush
IceCv:    ice_cave_small_dragons
Volcano:  volcano_grotto
WizLab:   wizlab_cigotuvi

Skill      XL: |  1  2  3  4  5  6  7  8  9 10 11 12 13 14 15 16 17 18 19 20 21 22 23 24 25 26 27 |
---------------+----------------------------------------------------------------------------------+-----
Armour         | 1 2 3 4 5 7 9 10 12 14 15 16 17 18 21 | 21.3
Fighting       | 3 4 5 6 8 10 11 13 15 16 17 18 19 21 | 21.4
Short Blades   | 3 |  3.0
Axes           | 5 10 13 14 15 16 18 19 20 | 20.0
Invocations    | 3 6 8 9 |  9.9
Throwing       | 5 7 9 11 13 14 16 17 19 20 21 22 | 22.9
Evocations     | 3 7 9 10 | 10.0
Dodging        | 4 8 11 13 14 16 17 18 20 21 | 21.3
Stealth        | |  0.7

Action                   |  1- 3 |  4- 6 |  7- 9 | 10-12 | 13-15 | 16-18 | 19-21 | 22-24 | 25-27 || total
-------------------------+-------+-------+-------+-------+-------+-------+-------+-------+-------++-------
Melee: Short sword       |    62 |       |       |       |       |       |       |       |       ||    62
       Spear             |    22 |   107 |       |       |       |       |       |       |       ||   129
       Trident           |       |    95 |       |       |       |       |       |       |       ||    95
       War axe           |       |       |   361 |   578 |       |       |       |       |       ||   939
       Punch             |       |       |     2 |     7 |       |       |       |       |       ||     9
       Executioner's axe |       |       |       |   136 |   600 |       |       |       |       ||   736
       Battleaxe         |       |       |       |       |   388 |  1682 |  1515 |  1902 |  1707 ||  7194
 Fire: Hunting sling     |       |    36 |    13 |       |       |       |       |       |       ||    49
Throw: Throwing net      |     2 |     2 |       |       |       |       |       |       |       ||     4
       Javelin           |     7 |    15 |     7 |     4 |    21 |    35 |     9 |    47 |    68 ||   213
Invok: Heroism           |       |       |     6 |    13 |    25 |    23 |    20 |    29 |    27 ||   143
       Finesse           |       |       |       |     2 |    10 |     5 |     2 |    11 |    14 ||    44
 Abil: Evoke Berserk Rag |       |       |       |     2 |       |       |       |       |       ||     2
Evoke: Wand              |       |       |       |     1 |     8 |     8 |     7 |     5 |    10 ||    39
       Lightning rod     |       |       |       |       |       |    10 |     2 |    11 |     5 ||    28
       Phial of floods   |       |       |       |       |       |     2 |       |       |       ||     2
       Lamp of fire      |       |       |       |       |       |       |       |     2 |       ||     2
  Use: Scroll            |     7 |     3 |     3 |     3 |    17 |    13 |     4 |     3 |    13 ||    66
       Potion            |       |     2 |       |     1 |       |       |       |     3 |    24 ||    30
 Stab: Held in net/web   |     3 |       |       |       |       |       |       |       |       ||     3
       Invisible         |       |     1 |       |       |       |       |       |       |       ||     1
       Paralysed         |       |       |       |     1 |       |       |       |       |       ||     1
       Confused          |       |       |       |       |     5 |       |       |       |     2 ||     7
       Distracted        |       |       |       |       |       |       |     1 |     1 |       ||     2
       Betrayed ally     |       |       |       |       |       |       |     1 |       |       ||     1
       Petrified         |       |       |       |       |       |       |       |     5 |       ||     5
  Eat: Chunk             |     3 |    10 |    15 |    25 |    20 |    22 |    18 |    29 |     8 ||   150
       Fruit             |       |       |     2 |       |     4 |       |       |       |       ||     6
       Royal jelly       |       |       |       |       |     6 |     1 |     1 |       |       ||     8
       Meat ration       |       |       |       |       |     1 |     3 |       |     1 |       ||     5
       Bread ration      |       |       |       |       |       |       |       |       |     4 ||     4
Armor: Leather armour    |     9 |       |       |       |       |       |       |       |       ||     9
       Ring mail         |       |    35 |       |       |       |       |       |       |       ||    35
       Chain mail        |       |    25 |   241 |   421 |    53 |       |       |       |       ||   740
       Plate armour      |       |       |       |       |   366 |   850 |   779 |  1032 |   903 ||  3930
       Quicksilver drago |       |       |       |       |   311 |   104 |       |       |       ||   415
Dodge: Dodged            |    44 |    91 |   161 |   338 |   608 |   694 |   651 |  1044 |  1112 ||  4743
       Deflected         |       |       |       |       |       |    72 |    49 |    59 |    40 ||   220
Block: Other             |       |       |       |    27 |   147 |   153 |   137 |   155 |   169 ||   788
       Reflection        |       |       |       |     1 |     2 |    16 |     8 |    12 |     2 ||    41
       Rpst.: Battleaxe  |       |       |       |       |       |     5 |   135 |   216 |   201 ||   557
